 Dungeon Sprint DCSS version 0.16-a0-3913-g9d9d7ce (webtiles) character file.

530561 BluebellGnoll the Conqueror (level 21, -1/217 (224) HPs)
             Began as a Minotaur Gladiator on Feb 4, 2015.
             Was the Champion of Makhleb.
             Slain by Gloorx Vloq (5 damage)
             ... in the Dungeon (Sprint IX: "|||||||||||||||||||||||||||||").
             The game lasted 02:24:37 (15209 turns).

BluebellGnoll the Conqueror (Minotaur Gladiator)   Turns: 15209, Time: 02:24:38

HP:   -1/217 (224)  AC: 39    Str: 23    XL:     21   Next: 3%
MP:   40/40         EV: 32    Int: 15    God:    Makhleb [******]
Gold: 516           SH: 28    Dex: 20    Spells: 0 memorised, 20 levels left

rFire  + + .     SeeInvis .     Q - +7 demon trident
rCold  + . .     Rnd*Rage +     Y - +12 fire dragon armour "Siffaetu" {rF++ rC- Dex+3}
rNeg   . . .     SustAb   .     H - +1 large shield
rPois  +         Gourm    .     s - +2 hat
rElec  +         Spirit   .     k - +2 cloak
rCorr  .         Warding  .     P - +1 pair of gloves
rMut   .         NoTele   +     j - +2 pair of boots
MR     +++..                    K - amulet "Mypic" {+Rage rC+ Dex+2}
Stlth  ++........               h - ring "Meutymai" {rElec rPois+ MR+ Str-3 Int+6 Dex-4}
                                w - ring of Scepticism {rC+ MR+ Str+2 Int+4 Dex+6}

@: lethally poisoned (-1 -> -21), exhausted, very slightly contaminated,
non-regenerating, rotting, badly diseased, hasted and slowed, extremely
resistant to hostile enchantments, unstealthy
A: retaliatory headbutt, horns 2, berserk 1, blurry vision 2, deformed body,
deterioration 2, weak 2
a: Minor Destruction, Lesser Servant of Makhleb, Major Destruction, Greater
Servant of Makhleb, Renounce Religion, Evoke Berserk Rage
}: 10/15 runes: decaying, serpentine, barnacled, elven, silver, golden, iron,
bone, abyssal, gossamer


You were in the Dungeon.
You worshipped Makhleb.
Makhleb was exalted by your worship.
You were not hungry.

You visited 1 branch You collected 1923 gold pieces.
You spent 1407 gold pieces at shops.

Inventory:

Hand weapons
 m - the +5 triple sword of Karma {slice, rPois+ rC+}
   (You found it in the Dungeon)

   It inflicts extra damage upon your enemies.
   It protects you from cold.
   It protects you from poison.
 o - a +5 triple crossbow of flaming
 z - the +7 Sceptre of Asmodeus
   (You took it off Asmodeus in the Dungeon)
 D - the +5 executioner's axe "Umirchos" {chop, +Blink rElec rF+ rN+ MR+}
   (You found it in the Dungeon)

   It inflicts extra damage upon your enemies.
   It protects you from fire.
   It insulates you from electricity.
   It protects you from negative energy.
   It affects your resistance to hostile enchantments.
   It lets you blink.
 Q - a +7 demon trident (weapon)
Missiles
 d - 5 throwing nets
 L - 132 bolts
 W - 44 javelins (quivered)
 X - 18 steel bolts
 Z - 21 javelins of returning
Armour
 j - a +2 pair of boots (worn)
 k - a +2 cloak (worn)
 r - a +6 gold dragon armour
 s - a +2 hat (worn)
 H - a +1 large shield (worn)
 P - a +1 pair of gloves (worn)
 Y - the +12 fire dragon armour "Siffaetu" (worn) {rF++ rC- Dex+3}
   (You found it in the Dungeon)

   It affects your dexterity (+3).
   It greatly protects you from fire.
   It makes you vulnerable to cold.
Jewellery
 a - an uncursed amulet of regeneration
 g - the ring of Stiy {rN++ MP+9 Str+3 Int-5}
   (You found it in the Dungeon)

   [ring of strength]

   It affects your strength (+3).
   It affects your intelligence (-5).
   It greatly protects you from negative energy.
   It affects your magic capacity (+9).
 h - the ring "Meutymai" (right hand) {rElec rPois+ MR+ Str-3 Int+6 Dex-4}
   (You found it in the Dungeon)

   [ring of poison resistance]

   It affects your strength (-3).
   It affects your intelligence (+6).
   It affects your dexterity (-4).
   It insulates you from electricity.
   It protects you from poison.
   It affects your resistance to hostile enchantments.
 u - the ring of Xom's Delight {rPois- rN+ Dex+7}
   (You found it in the Dungeon)

   [ring of positive energy]

   It affects your dexterity (+7).
   It makes you vulnerable to poison.
   It protects you from negative energy.
 w - the ring of Scepticism (left hand) {rC+ MR+ Str+2 Int+4 Dex+6}
   (You found it in the Dungeon)

   [ring of protection from magic]

   It affects your strength (+2).
   It affects your intelligence (+4).
   It affects your dexterity (+6).
   It protects you from cold.
   It affects your resistance to hostile enchantments.
 I - an uncursed ring of protection from magic
 J - an uncursed amulet of resist corrosion
 K - the amulet "Mypic" (around neck) {+Rage rC+ Dex+2}
   (You found it in the Dungeon)

   [amulet of rage]

   It affects your dexterity (+2).
   It protects you from cold.
   It lets you go berserk.
 N - an uncursed ring of fire
Magical devices
 c - a wand of polymorph (3)
 p - a wand of fire (0)
 t - a wand of flame (9)
 y - a wand of hasting (3)
 B - a wand of flame (25)
 R - a wand of disintegration (0)
Scrolls
 l - 2 scrolls of fog
 n - 8 scrolls of remove curse
 v - 2 scrolls of recharging
 C - 5 scrolls of fear
 E - 2 scrolls of identify
Potions
 e - 4 potions of curing
 i - 5 potions of magic
 x - 4 potions of brilliance
Miscellaneous
 F - the horn of Geryon (inert)
 T - a plain deck of defence {drawn: 1}
Comestibles
 b - 32 fruits
 f - 13 bread rations
 G - 8 meat rations


   Skills:
 O Level 27 Fighting
 O Level 27 Polearms
 O Level 27 Throwing
 O Level 27 Armour
 O Level 27 Dodging
 + Level 9.6 Stealth
 O Level 27 Shields
 O Level 27 Unarmed Combat
 O Level 27 Invocations
 O Level 27 Evocations


You had 20 spell levels left.
You didn't know any spells.

Dungeon Overview and Level Annotations

Branches:
Dungeon (1/1)

Altars:
Cheibriados
Dithmenos
Elyvilon
Fedhas
Gozag
Kikubaaqudgha
Makhleb
Nemelex Xobeh
Okawaru
Qazlal
Ru
Sif Muna
Trog
Vehumet
Xom
Yredelemnul
Zin
The Shining One
Beogh
Jiyva
Lugonu

Shops:
D =?*!

Annotations:
D Gloorx Vloq


Innate Abilities, Weirdness & Mutations

You reflexively headbutt those who attack you in melee.
You have a pair of horns on your head.
You tend to lose your temper in combat.
Scrolls take you longer to read.
Armour fits poorly on your strangely shaped body.
Your body is deteriorating.
You are very weak. (Str -4)


Message History

Gloorx Vloq is heavily wounded.
You are engulfed in dark miasma.
You are lethally poisoned!
You feel your flesh rotting away!
You feel as though you will be slow longer.
* * * LOW HITPOINT WARNING * * *
x2 You feel sick.
Gloorx Vloq calls on the powers of darkness!
Your body is wracked with pain!
* * * LOW HITPOINT WARNING * * *
You block Gloorx Vloq's attack.
You puncture Gloorx Vloq!
You headbutt Gloorx Vloq, but do no damage.
Gloorx Vloq is heavily wounded.
You are engulfed in dark miasma.
You feel your flesh rotting away!
You feel as though you will be slow longer.
* * * LOW HITPOINT WARNING * * *
x2 You feel sick.
Gloorx Vloq hits you.
You die...

▓.▓.▓.▓.▓.▓)▓.▓.▓.
▓.▓.▓.▓.▓.▓.▓.▓.▓.
▓.▓.▓'▓.▓)▓.▓)▓.▓.
▓.▓.▓.▓.▓)▓[▓.▓.▓.
▓.▓.▓.▓.▓.▓.▓.▓.▓.
▓(▓.▓.▓.▓.▓.▓.▓.▓)
▓.▓.▓.▓.▓.▓.▓'▓.▓[
▓&▓.▓.▓.▓.▓.▓[▓.▓'
▓@▓.▓.▓.▓)▓)▓'▓.▓[
▓.▓)▓.▓.▓.▓.▓.▓.▓.
▓.▓.▓.▓.▓.▓.▓'▓.▓.
▓.▓.▓.▓.▓.▓[▓.▓.▓.
▓.▓.▓'▓.▓.▓.▓'▓.▓.
▓.▓.▓.▓.▓.▓)▓.▓.▓)
▓.▓.▓.▓.▓+▓.▓.▓.▓)
▓.▓.▓.▓..)).▓.▓.▓'
▓.▓.▓.▓..)).▓.▓.▓[


You could see Gloorx Vloq.

Vanquished Creatures
  Antaeus (D)
  Asmodeus (D)
  Ereshkigal (D)
  Mnoleg (D)
  Dispater (D)
  3 orbs of fire (D)
  3 ancient liches (D)
  3 greater mummies (D)
  Mara (D)
  Mennas (D)
  Geryon (D)
  3 golden dragons (D)
  Jory (D)
  Xtahua (D)
  Frederick (D)
  2 electric golems (D)
  Nikola (D)
  5 liches (D)
  3 tentacled monstrosities (D)
  29 Orb Guardians (D)
  3 deep elf blademasters (D)
  A tentacled starspawn (D)
  12 sphinxes (D)
  A deep elf master archer (D)
  A spellforged servitor (D)
  An Executioner (D)
  3 storm dragons (D)
  5 shadow dragons (D)
  A frost giant (D)
  3 greater nagas (D)
  A vault warden (D)
  2 ghost moths (D)
  A draconian scorcher (D)
  Louise (D)
  6 emperor scorpions (D)
  2 draconian knights (D)
  A deep elf sorcerer (D)
  A cacodemon (D)
  3 draconian zealots (D)
  A draconian annihilator (D)
  3 stone giants (D)
  2 ironheart preservers (D)
  A very ugly thing (D)
  5 vampire knights (D)
  A draconian caller (D)
  A reaper (D)
  3 grey draconians (D)
  2 green draconians (D)
  A mottled draconian (D)
  2 deep elf annihilators (D)
  A yellow draconian (D)
  3 deep elf demonologists (D)
  2 white draconians (D)
  3 purple draconians (D)
  2 red draconians (D)
  A pale draconian (D)
  2 deep elf death magi (D)
  3 merfolk javelineers (D)
  22 vault guards (D)
  7 fire dragons (D)
  5 yaktaur captains (D)
  2 merfolk impalers (D)
  3 ettins (D)
  8 mummy priests (D)
  2 deep elf high priests (D)
  An ice dragon (D)
  3 great orbs of eyes (D)
  6 death cobs (D)
  Harold (D)
  A naga warrior (D)
  8 hydras (D)
  A merfolk avatar (D)
  A centaur warrior (D)
  4 ogre magi (D)
  2 merfolk aquamancers (D)
  A deep troll shaman (D)
  A catoblepas (D)
  4 orc high priests (D)
  3 hell beasts (D)
  A tengu warrior (D)
  5 hell knights (D)
  6 soul eaters (D)
  A wretched star (D)
  A sea snake (D)
  A death scarab (D)
  A giant orange brain (D)
  An ice devil (D)
  6 swamp dragons (D)
  An ironbrand convoker (D)
  5 large abominations (D)
  5 hill giants (D)
  2 wolf spiders (D)
  2 ugly things (D)
  A necromancer (D)
  A cyclops (D)
  A griffon (D)
  A hornet (D)
  A shining eye (D)
  A guardian serpent (D)
  12 moths of wrath (D)
  A phantasmal warrior (D)
  3 naga magi (D)
  2 spiny frogs (D)
  A vault sentinel (D)
  A gargoyle (D)
  A hellwing (D)
  An orange demon (D)
  A tormentor (D)
  A komodo dragon (D)
  A red devil (D)
  2 jumping spiders (D)
  A wandering mushroom (D)
  16 guardian mummies (D)
  A yaktaur (D)
  2 freezing wraiths (D)
  A blue devil (D)
  A wind drake (D)
  A two-headed ogre (D)
  2 boulder beetles (D)
  2 moth of wrath zombies (D)
  A raven (shapeshifter) (D)
  2 flying skulls (D)
  A basilisk (D)
  4 redbacks (D)
  A water elemental (D)
  A deep elf mage (D)
  3 yaks (D)
  11 spriggans (D)
  A ynoxinul (D)
  A hippogriff (D)
  2 chaos spawn (D)
  A vampire mosquito (D)
  3 trapdoor spiders (D)
  A wraith (D)
  Grum (D)
  7 wolves (D)
  3 shadows (D)
  3 mottled dragons (D)
  3 hell hounds (D)
  2 nagas (D)
  3 orc warriors (D)
  3 water moccasins (D)
  A swamp drake (D)
  A spider (D)
  A wasp (D)
  An ice beast (D)
  A porcupine (D)
  2 boggarts (D)
  A crocodile (D)
  3 giant frogs (D)
  A killer bee (D)
  A naga skeleton (D)
  A crimson imp (D)
  2 wights (D)
  3 orc priests (D)
  2 hounds (D)
  An iguana (D)
  5 orc wizards (D)
  An iron imp (D)
  3 adders (D)
  A river rat (D)
  A shadow imp (D)
  A giant eyeball (D)
  An ufetubus (D)
  2 adder skeletons (D)
  2 adder simulacra (D)
  4 giant geckos (D)
  8 orcs (D)
  A bat (D)
  A bat zombie (D)
  2 giant cockroaches (D)
  6 goblins (D)
  A hobgoblin (D)
  A jackal (D)
  3 kobolds (D)
  A ball python skeleton (D)
  2 crawling corpses (D)
462 creatures vanquished.

Vanquished Creatures (collateral kills)
  A greater mummy (D)
  Boris (D)
  Margery (D)
  Norris (D)
  A titan (D)
  A quicksilver dragon (D)
  A sphinx (D)
  3 shadow dragons (D)
  Ilsuiw (D)
  A greater naga (D)
  Wiglaf (D)
  A ghost moth (D)
  An emperor scorpion (D)
  2 ironheart preservers (D)
  A dire elephant (D)
  An ettin (D)
  3 merfolk javelineers (D)
  A great orb of eyes (D)
  3 vault guards (D)
  2 hydras (D)
  A naga warrior (D)
  A merfolk avatar (D)
  4 orc high priests (D)
  An ogre mage (D)
  A shock serpent (D)
  2 naga sharpshooters (D)
  2 sea snakes (D)
  An unseen horror (D)
  A shadow wraith (D)
  A swamp dragon (D)
  4 orc knights (D)
  A shambling mangrove (D)
  An ironbrand convoker (D)
  A griffon (D)
  A manticore (D)
  A hornet (D)
  Maurice (D)
  2 vault sentinels (D)
  A black mamba (D)
  A naga mage (D)
  A spiny frog (D)
  A yaktaur (D)
  A demonic crawler (D)
  A giant leech (D)
  A raven (D)
  A slime creature (D)
  A trapdoor spider (D)
  A neqoxec (D)
  A vampire mosquito (D)
  2 nagas (D)
  2 water moccasins (D)
  2 swamp drakes (D)
  5 orc warriors (D)
  A boring beetle (shapeshifter) (D)
  A centaur (D)
  5 orc priests (D)
  An orc wizard (D)
85 creatures vanquished.

Vanquished Creatures (others)
  2 Executioners (D)
  A draconian scorcher (D)
  3 cacodemons (D)
  7 balrugs (D)
  A reaper (D)
  An ironheart preserver (D)
  3 blizzard demons (D)
  11 green deaths (D)
  4 hell beasts (D)
  2 shadow demons (D)
  A cyclops (D)
  A smoke demon (D)
  A mottled draconian zombie (D)
  A deep elf mage (D)
  A chaos spawn (D)
  A fungus (D)
41 creatures vanquished.

Grand Total: 588 creatures vanquished

Notes
Turn   | Place    | Note
--------------------------------------------------------------
     0 | D        | BluebellGnoll, the Minotaur Gladiator, began the quest for the Orb.
     0 | D        | Reached XP level 1. HP: 18/18 MP: 1/1
     6 | D        | Reached skill level 4 in Polearms
    10 | D        | Reached skill level 5 in Polearms
   123 | D        | Noticed a crimson imp
   131 | D        | Killed a crimson imp
   131 | D        | Reached skill level 6 in Fighting
   131 | D        | Reached XP level 2. HP: 16/31 MP: 1/1
   131 | D        | Reached XP level 3. HP: 19/38 MP: 2/2
   137 | D        | Reached skill level 7 in Fighting
   149 | D        | Found a glowing silver altar of Zin.
   149 | D        | Found a glowing golden altar of the Shining One.
   149 | D        | Found an ancient bone altar of Kikubaaqudgha.
   149 | D        | Found a basalt altar of Yredelemnul.
   149 | D        | Found a shimmering altar of Xom.
   149 | D        | Found a radiant altar of Vehumet.
   149 | D        | Found an iron altar of Okawaru.
   150 | D        | Found a burning altar of Makhleb.
   151 | D        | Found a deep blue altar of Sif Muna.
   152 | D        | Found a bloodstained altar of Trog.
   153 | D        | Found a sparkling altar of Nemelex Xobeh.
   154 | D        | Found a white marble altar of Elyvilon.
   155 | D        | Found a roughly hewn altar of Beogh.
   156 | D        | Found a viscous altar of Jiyva.
   157 | D        | Found a corrupted altar of Lugonu.
   158 | D        | Found a blossoming altar of Fedhas.
   159 | D        | Became a worshipper of Makhleb the Destroyer
   160 | D        | Found a snail-covered altar of Cheibriados.
   161 | D        | Found a shadowy altar of Dithmenos.
   162 | D        | Found a stormy altar of Qazlal.
   163 | D        | Found an opulent altar of Gozag.
   164 | D        | Found a sacrificial altar of Ru.
   182 | D        | Got the +2 scimitar "Esocuove" {slice, rC+}
   323 | D        | Noticed a hill giant
   323 | D        | Noticed an orc wizard
   323 | D        | Noticed a yak
   326 | D        | Killed an orc wizard
   326 | D        | Reached skill level 8 in Fighting
   326 | D        | Reached XP level 4. HP: 36/48 MP: 2/2
   326 | D        | Acquired Makhleb's first power
   327 | D        | Killed a yak
   327 | D        | Reached skill level 11 in Fighting
   327 | D        | Reached XP level 5. HP: 39/61 MP: 2/2
   330 | D        | Acquired Makhleb's second power
   333 | D        | Killed a hill giant
   333 | D        | Reached skill level 14 in Fighting
   333 | D        | Reached skill level 10 in Armour
   333 | D        | Reached XP level 6. HP: 44/75 MP: 3/3
   333 | D        | Reached XP level 7. HP: 48/82 MP: 3/3
   479 | D        | Noticed a gargoyle
   479 | D        | Noticed a purple ugly thing
   479 | D        | Noticed a tengu warrior
   479 | D        | Noticed a deep elf mage
   479 | D        | Noticed a killer bee
   479 | D        | Noticed an orc wizard
   487 | D        | Killed an orc wizard
   487 | D        | Reached skill level 1 in Invocations
   487 | D        | Reached skill level 1 in Evocations
   489 | D        | Killed a killer bee
   489 | D        | Acquired Makhleb's third power
   495 | D        | Killed a deep elf mage
   511 | D        | Killed a tengu warrior
   511 | D        | Reached XP level 8. HP: 58/90 MP: 5/13
   515 | D        | Killed a purple ugly thing
   517 | D        | Killed a gargoyle
   517 | D        | Reached XP level 9. HP: 59/96 MP: 6/18
   535 | D        | Noticed Maurice
   578 | D        | Killed Maurice
   578 | D        | Acquired Makhleb's fourth power
   578 | D        | Reached skill level 10 in Invocations
   789 | D        | Noticed a water moccasin
   789 | D        | Noticed a hound
   789 | D        | Noticed a giant frog
   789 | D        | Noticed an iguana
   789 | D        | Noticed a water moccasin
   791 | D        | Noticed a crocodile
   793 | D        | Killed a water moccasin
   793 | D        | Reached skill level 15 in Fighting
   800 | D        | Noticed a four-headed hydra
   803 | D        | Killed an iguana
   805 | D        | Killed a giant frog
   809 | D        | Killed a hound
   809 | D        | Acquired Makhleb's fifth power
   815 | D        | Killed a water moccasin
   822 | D        | Killed a crocodile
   824 | D        | Killed a four-headed hydra
   824 | D        | Reached skill level 16 in Fighting
   979 | D        | Noticed a porcupine
   979 | D        | Noticed a hippogriff
   979 | D        | Noticed a hound
   979 | D        | Noticed a spiny frog
   979 | D        | Noticed a spiny frog
   979 | D        | Noticed a basilisk
   979 | D        | Noticed a water moccasin
   980 | D        | Killed a hound
   981 | D        | Killed a water moccasin
   982 | D        | Noticed a yak
   984 | D        | Noticed a yak
   988 | D        | Killed a basilisk
   988 | D        | Reached skill level 10 in Polearms
   992 | D        | Killed a spiny frog
   992 | D        | Reached XP level 10. HP: 90/110 MP: 20/20
   997 | D        | Killed a spiny frog
   997 | D        | Reached skill level 17 in Fighting
   999 | D        | Killed a hippogriff
  1004 | D        | Killed a porcupine
  1011 | D        | Killed a yak
  1015 | D        | Killed a yak
  1061 | D        | Noticed a wolf
  1061 | D        | Noticed a hell hound
  1061 | D        | Noticed a hell hound
  1061 | D        | Noticed a wolf
  1061 | D        | Noticed a wolf
  1061 | D        | Noticed a wolf
  1063 | D        | Killed a wolf
  1067 | D        | Killed a wolf
  1068 | D        | Noticed a hell hound
  1069 | D        | Noticed a wolf
  1085 | D        | Killed a hell hound
  1085 | D        | Reached skill level 18 in Fighting
  1093 | D        | Killed a hell hound
  1095 | D        | Killed a hell hound
  1098 | D        | Killed a wolf
  1101 | D        | Killed a wolf
  1106 | D        | Killed a wolf
  1271 | D        | Noticed a wolf
  1273 | D        | Noticed Harold
  1274 | D        | Noticed Grum
  1277 | D        | Killed a wolf
  1279 | D        | Noticed a wolf
  1287 | D        | Killed Harold
  1287 | D        | Reached skill level 19 in Fighting
  1308 | D        | Killed Grum
  1310 | D        | Killed a wolf
  1593 | D        | Noticed an orc warrior
  1595 | D        | Noticed an orc priest
  1601 | D        | Noticed an orc wizard
  1601 | D        | Killed an orc warrior
  1623 | D        | Killed an orc priest
  1626 | D        | Killed an orc wizard
  1633 | D        | Noticed an orc wizard
  1634 | D        | Noticed an orc wizard
  1638 | D        | Killed an orc wizard
  1641 | D        | Killed an orc wizard
  1699 | D        | Noticed an orc warrior
  1699 | D        | Noticed an orc knight
  1699 | D        | Noticed an orc wizard
  1699 | D        | Noticed an orc warrior
  1699 | D        | Noticed an orc warrior
  1699 | D        | Noticed an orc priest
  1699 | D        | Noticed an orc high priest
  1700 | D        | Killed an orc priest
  1704 | D        | Killed an orc high priest
  1704 | D        | Reached skill level 15 in Polearms
  1705 | D        | Noticed an orc warrior
  1706 | D        | Killed an orc warrior
  1706 | D        | Reached XP level 11. HP: 107/122 MP: 21/21
  1708 | D        | Noticed an orc knight
  1710 | D        | Killed an orc warrior
  1710 | D        | Killed an orc warrior
  1713 | D        | Killed an orc knight
  1713 | D        | Killed an orc wizard
  1713 | D        | Killed an orc warrior
  1714 | D        | Noticed an orc warrior
  1716 | D        | Noticed an orc warrior
  1716 | D        | Killed an orc warrior
  1719 | D        | Killed an orc knight
  1721 | D        | Killed an orc warrior
  1724 | D        | Killed an orc warrior
  1748 | D        | Found Gruaniar's Distillery.
  1748 | D        | Noticed an orc priest
  1748 | D        | Noticed an orc high priest
  1748 | D        | Noticed an orc high priest
  1748 | D        | Noticed an orc priest
  1748 | D        | Noticed an orc high priest
  1748 | D        | Noticed an orc high priest
  1750 | D        | Noticed a soul eater
  1753 | D        | Killed an orc high priest
  1754 | D        | Noticed an orc high priest
  1758 | D        | Killed an orc high priest
  1759 | D        | Found Preatt's Assorted Antiques.
  1759 | D        | Noticed an orc high priest
  1769 | D        | Killed a soul eater
  1772 | D        | Killed an orc priest
  1782 | D        | Noticed a sun demon
  1782 | D        | Killed an orc high priest
  1783 | D        | Killed an orc high priest
  1784 | D        | Killed an orc priest
  1787 | D        | Killed an orc high priest
  1790 | D        | Killed an orc high priest
  1801 | D        | Found Loabb's Magic Scroll Boutique.
  1805 | D        | Found Athiepn's Jewellery Shop.
  1807 | D        | Noticed an orc priest
  1808 | D        | Noticed an orc priest
  1809 | D        | Noticed an orc priest
  1810 | D        | Noticed an orc priest
  1811 | D        | Noticed an orc high priest
  1812 | D        | Killed an orc priest
  1817 | D        | Killed an orc priest
  1818 | D        | Killed an orc priest
  1819 | D        | Killed an orc priest
  2273 | D        | Killed an orc high priest
  2318 | D        | Bought an uncursed amulet of regeneration for 330 gold pieces
  2320 | D        | Bought a scroll of remove curse for 42 gold pieces
  2320 | D        | Bought 3 scrolls of fog for 84 gold pieces
  2320 | D        | Bought a scroll of identify for 28 gold pieces
  2320 | D        | Bought a scroll of identify for 28 gold pieces
  2320 | D        | Bought a scroll of remove curse for 42 gold pieces
  2320 | D        | Bought a scroll of remove curse for 42 gold pieces
  2320 | D        | Bought a scroll of identify for 28 gold pieces
  2322 | D        | Bought a brown potion for 24 gold pieces
  2325 | D        | Bought a potion of restore abilities for 60 gold pieces
  2325 | D        | Bought a potion of heal wounds for 60 gold pieces
  2325 | D        | Bought a potion of curing for 36 gold pieces
  2325 | D        | Bought a potion of heal wounds for 60 gold pieces
  2325 | D        | Bought a potion of agility for 48 gold pieces
  2331 | D        | Bought an uncursed ring of protection from magic for 275 gold pieces
  2331 | D        | Bought an uncursed amulet of resist corrosion for 220 gold pieces
  2530 | D        | Noticed a komodo dragon
  2530 | D        | Noticed a raven
  2530 | D        | Noticed a vampire mosquito
  2533 | D        | Killed a vampire mosquito
  2537 | D        | Killed a raven
  2541 | D        | Killed a komodo dragon
  2544 | D        | Noticed a hill giant
  2546 | D        | Noticed an emperor scorpion
  2548 | D        | Noticed a trapdoor spider
  2549 | D        | Noticed a yaktaur
  2550 | D        | Noticed a boggart
  2551 | D        | Killed a hill giant
  2552 | D        | Noticed a boggart
  2575 | D        | Killed an emperor scorpion
  2575 | D        | Reached skill level 5 in Throwing
  2579 | D        | Killed a trapdoor spider
  2582 | D        | Killed a yaktaur
  2595 | D        | Noticed a hell knight
  2598 | D        | Killed a boggart
  2600 | D        | Killed a boggart
  2610 | D        | Killed a hell knight
  2612 | D        | Noticed a stone giant
  2613 | D        | Noticed a hill giant
  2627 | D        | Killed a stone giant
  2632 | D        | Killed a hill giant
  2632 | D        | Reached XP level 12. HP: 46/130 MP: 23/25
  3012 | D        | Noticed a naga
  3012 | D        | Noticed a shock serpent
  3012 | D        | Noticed a naga mage
  3012 | D        | Noticed a black mamba
  3012 | D        | Noticed a naga sharpshooter
  3012 | D        | Noticed a naga sharpshooter
  3012 | D        | Noticed a naga mage
  3022 | D        | Killed a naga sharpshooter
  3027 | D        | Killed a naga mage
  3029 | D        | Noticed a water moccasin
  3031 | D        | Noticed a water moccasin
  3031 | D        | Killed a naga sharpshooter
  3032 | D        | Killed a black mamba
  3034 | D        | Killed a shock serpent
  3034 | D        | Reached skill level 20 in Fighting
  3035 | D        | Killed a naga
  3040 | D        | Killed a water moccasin
  3044 | D        | Killed a water moccasin
  3243 | D        | Noticed a demonic crawler
  3243 | D        | Noticed a spider
  3243 | D        | Noticed a redback
  3243 | D        | Noticed a boulder beetle
  3244 | D        | Noticed a wolf spider
  3244 | D        | Killed a spider
  3249 | D        | Noticed a trapdoor spider
  3249 | D        | Killed a boulder beetle
  3253 | D        | Killed a redback
  3258 | D        | Killed a demonic crawler
  3260 | D        | Killed a wolf spider
  3261 | D        | Killed a trapdoor spider
  3271 | D        | Killed a ghost moth
  3282 | D        | Noticed a trapdoor spider
  3284 | D        | Killed a trapdoor spider
  3286 | D        | Noticed a trapdoor spider
  3288 | D        | Killed a trapdoor spider
  3323 | D        | Noticed a cyclops
  3323 | D        | Noticed a griffon
  3323 | D        | Noticed a sea snake
  3323 | D        | Noticed a water elemental
  3323 | D        | Noticed a sea snake
  3323 | D        | Noticed a sea snake
  3323 | D        | Noticed a griffon
  3327 | D        | Noticed a centaur
  3327 | D        | Killed a griffon
  3328 | D        | Killed a sea snake
  3328 | D        | Reached skill level 15 in Invocations
  3333 | D        | Noticed a manticore
  3333 | D        | Killed a sea snake
  3338 | D        | Killed a water elemental
  3342 | D        | Killed a centaur
  3343 | D        | Killed a sea snake
  3345 | D        | Killed a griffon
  3351 | D        | Killed a cyclops
  3355 | D        | Killed a manticore
  3419 | D        | Noticed a giant leech
  3419 | D        | Noticed a four-headed hydra
  3419 | D        | Noticed a raven
  3419 | D        | Noticed a spiny frog
  3419 | D        | Noticed a five-headed hydra
  3419 | D        | Noticed a swamp dragon
  3419 | D        | Noticed a swamp drake
  3423 | D        | Killed a swamp drake
  3428 | D        | Killed a swamp dragon
  3430 | D        | Killed a five-headed hydra
  3430 | D        | Killed a raven
  3431 | D        | Killed a spiny frog
  3432 | D        | Noticed a shambling mangrove
  3434 | D        | Killed a four-headed hydra
  3435 | D        | Noticed a swamp drake
  3435 | D        | Killed a giant leech
  3437 | D        | Killed a swamp drake
  3439 | D        | Killed a shambling mangrove
  3439 | D        | Reached skill level 21 in Fighting
  3474 | D        | Noticed Wiglaf
  3482 | D        | Killed Wiglaf
  3701 | D        | Noticed a yaktaur captain
  3701 | D        | Noticed a great orb of eyes
  3701 | D        | Noticed an ettin
  3701 | D        | Noticed a slime creature
  3701 | D        | Noticed a centaur warrior
  3701 | D        | Noticed a yaktaur
  3701 | D        | Noticed a dire elephant
  3711 | D        | Killed a yaktaur
  3714 | D        | Killed a slime creature
  3714 | D        | Killed a dire elephant
  3717 | D        | Killed a centaur warrior
  3720 | D        | Killed an ettin
  3722 | D        | Noticed a fire dragon
  3729 | D        | Noticed an ettin
  3732 | D        | Noticed a great orb of eyes
  3820 | D        | Killed a great orb of eyes
  3820 | D        | Reached XP level 13. HP: 117/145 MP: 29/29
  3842 | D        | Killed a fire dragon
  3844 | D        | Killed an ettin
  3869 | D        | Killed a yaktaur captain
  3869 | D        | Reached skill level 15 in Armour
  3925 | D        | Killed a great orb of eyes
  3943 | D        | Noticed an emperor scorpion
  3950 | D        | Killed an emperor scorpion
  3999 | D        | Noticed a giant orange brain
  4000 | D        | Noticed a deep troll shaman
  4001 | D        | Noticed a deep elf mage
  4001 | D        | Noticed an ogre mage
  4009 | D        | Noticed an ettin
  4010 | D        | Killed a giant orange brain
  4012 | D        | Killed a deep troll shaman
  4014 | D        | Noticed an ogre mage
  4014 | D        | Killed a deep elf mage
  4018 | D        | Killed an ogre mage
  4026 | D        | Killed an ettin
  4030 | D        | Killed an ogre mage
  4037 | D        | Noticed a green very ugly thing
  4046 | D        | Killed a green very ugly thing
  4056 | D        | Noticed a boring beetle
  4056 | D        | Noticed an ogre mage
  4056 | D        | Noticed a hornet
  4056 | D        | Noticed an ironheart preserver
  4056 | D        | Noticed an ironheart preserver
  4059 | D        | Killed an unseen horror
  4059 | D        | Killed an ironheart preserver
  4059 | D        | Reached skill level 22 in Fighting
  4062 | D        | Noticed an orc knight
  4065 | D        | Noticed a vampire mosquito
  4066 | D        | Killed an ironheart preserver
  4068 | D        | Killed a hornet
  4069 | D        | Noticed a cyclops
  4071 | D        | Killed an ogre mage
  4072 | D        | Killed a boring beetle
  4077 | D        | Noticed a boulder beetle
  4078 | D        | Killed a vampire mosquito
  4079 | D        | Killed an orc knight
  4081 | D        | Noticed a fire dragon
  4082 | D        | Noticed a yaktaur captain
  4082 | D        | Killed a cyclops
  4087 | D        | Killed a boulder beetle
  4087 | D        | Reached skill level 23 in Fighting
  4089 | D        | Noticed an ironheart preserver
  4092 | D        | Killed a fire dragon
  4093 | D        | Noticed a freezing wraith
  4102 | D        | Noticed a frost giant
  4104 | D        | Killed a yaktaur captain
  4108 | D        | Killed an ironheart preserver
  4111 | D        | Killed a freezing wraith
  4120 | D        | Killed a frost giant
  4120 | D        | Reached skill level 24 in Fighting
  4139 | D        | Noticed a stone giant
  4145 | D        | Noticed an ettin
  4147 | D        | Killed a stone giant
  4150 | D        | Noticed a stone giant
  4155 | D        | Killed an ettin
  4155 | D        | Reached skill level 25 in Fighting
  4162 | D        | Killed a stone giant
  4177 | D        | Noticed an ironheart preserver
  4178 | D        | Noticed a yaktaur captain
  4189 | D        | Killed an ironheart preserver
  4193 | D        | Killed a yaktaur captain
  4193 | D        | Reached XP level 14. HP: 139/163 MP: 29/29
  4245 | D        | Noticed Mennas
  4245 | D        | Noticed Frederick
  4269 | D        | HP: 8/163 [Mennas/long sword of holy wrath (10)]
  4355 | D        | Killed Mennas
  4355 | D        | Reached skill level 26 in Fighting
  4612 | D        | Killed Frederick
  4612 | D        | Reached skill level 27 in Fighting
  4922 | D        | Noticed a swamp dragon
  4923 | D        | Noticed a swamp dragon
  4924 | D        | Noticed a swamp dragon
  4925 | D        | Noticed an eight-headed hydra
  4925 | D        | Killed a seven-headed hydra
  4927 | D        | Killed a swamp dragon
  4929 | D        | Noticed an eight-headed hydra
  4929 | D        | Killed a swamp dragon
  4930 | D        | Killed a swamp dragon
  4931 | D        | Killed a ten-headed hydra
  4932 | D        | Noticed an eight-headed hydra
  4932 | D        | Killed an eight-headed hydra
  4933 | D        | Killed a nine-headed hydra
  4935 | D        | Noticed a swamp dragon
  4937 | D        | Killed a swamp dragon
  4989 | D        | Noticed a seven-headed hydra
  4994 | D        | Killed a seven-headed hydra
  4995 | D        | Noticed a swamp dragon
  4997 | D        | Noticed a six-headed hydra
  5002 | D        | Killed a swamp dragon
  5007 | D        | Killed an eight-headed hydra
  5008 | D        | Noticed a swamp dragon
  5022 | D        | Killed a swamp dragon
  5051 | D        | Got a decaying rune of Zot
  5091 | D        | Noticed Ilsuiw
  5091 | D        | Noticed a merfolk javelineer
  5091 | D        | Noticed a merfolk aquamancer
  5091 | D        | Noticed a merfolk avatar
  5091 | D        | Noticed a merfolk javelineer
  5091 | D        | Noticed a merfolk impaler
  5091 | D        | Noticed a merfolk avatar
  5095 | D        | Killed a merfolk avatar
  5096 | D        | Noticed a merfolk javelineer
  5097 | D        | Killed a merfolk aquamancer
  5098 | D        | Noticed a merfolk javelineer
  5099 | D        | Killed a merfolk javelineer
  5100 | D        | Noticed a merfolk javelineer
  5103 | D        | Killed a merfolk impaler
  5108 | D        | Killed a merfolk avatar
  5109 | D        | Noticed a merfolk javelineer
  5112 | D        | Noticed a merfolk aquamancer
  5115 | D        | Killed a merfolk javelineer
  5116 | D        | Killed a merfolk javelineer
  5117 | D        | Killed Ilsuiw
  5118 | D        | Killed a merfolk javelineer
  5121 | D        | Killed a merfolk aquamancer
  5131 | D        | Killed a merfolk javelineer
  5134 | D        | Killed a merfolk javelineer
  5138 | D        | Noticed a merfolk impaler
  5146 | D        | Killed a merfolk impaler
  5151 | D        | Got a barnacled rune of Zot
  5252 | D        | Noticed a greater naga
  5252 | D        | Noticed a greater naga
  5252 | D        | Noticed a naga warrior
  5252 | D        | Noticed a greater naga
  5252 | D        | Noticed a naga mage
  5252 | D        | Noticed a naga
  5252 | D        | Noticed a naga mage
  5253 | D        | Killed a naga mage
  5253 | D        | Killed a naga
  5267 | D        | Killed a greater naga
  5269 | D        | Killed a greater naga
  5269 | D        | Reached skill level 10 in Throwing
  5276 | D        | Noticed a naga
  5281 | D        | Killed a greater naga
  5282 | D        | Noticed a naga warrior
  5287 | D        | Killed a naga warrior
  5287 | D        | Killed a naga
  5295 | D        | Noticed a naga
  5296 | D        | Killed a naga warrior
  5300 | D        | Noticed a guardian serpent
  5302 | D        | Noticed a greater naga
  5303 | D        | Killed a naga
  5310 | D        | Killed a greater naga
  5310 | D        | Reached XP level 15. HP: 119/174 MP: 32/32
  5313 | D        | Killed a guardian serpent
  5326 | D        | Noticed a naga mage
  5330 | D        | Killed a naga mage
  5332 | D        | Got a serpentine rune of Zot
  5389 | D        | Noticed Nikola
  5389 | D        | Noticed Boris
  5397 | D        | Killed Nikola
  5408 | D        | Killed Boris
  5523 | D        | Noticed a vault guard
  5523 | D        | Noticed a vault guard
  5523 | D        | Noticed a vault guard
  5523 | D        | Noticed a vault guard
  5523 | D        | Noticed a vault guard
  5523 | D        | Noticed a vault guard
  5523 | D        | Noticed a vault guard
  5528 | D        | Killed a vault guard
  5531 | D        | Killed a vault guard
  5534 | D        | Noticed a vault guard
  5535 | D        | Killed a vault guard
  5537 | D        | Killed a vault guard
  5539 | D        | Killed a vault guard
  5541 | D        | Noticed a vault guard
  5544 | D        | Noticed a vault guard
  5545 | D        | Killed a vault guard
  5546 | D        | Killed a vault guard
  5548 | D        | Noticed a vault guard
  5552 | D        | Killed a vault guard
  5558 | D        | Killed a vault guard
  5562 | D        | Killed a vault guard
  5565 | D        | Killed a vault guard
  5595 | D        | Noticed a vault guard
  5596 | D        | Noticed a vault guard
  5597 | D        | Noticed a vault guard
  5600 | D        | Noticed a vault guard
  5602 | D        | Killed a vault guard
  5604 | D        | Killed a vault guard
  5606 | D        | Noticed a vault guard
  5611 | D        | Killed a vault guard
  5614 | D        | Killed a vault guard
  5626 | D        | Killed a vault guard
  5636 | D        | Noticed a vault guard
  5638 | D        | Noticed a vault guard
  5639 | D        | Killed a vault guard
  5642 | D        | Killed a vault guard
  5644 | D        | Noticed a vault guard
  5648 | D        | Noticed a vault guard
  5650 | D        | Noticed a vault guard
  5652 | D        | Killed a vault guard
  5653 | D        | Killed a vault guard
  5663 | D        | Killed a vault guard
  5677 | D        | Noticed a vault guard
  5679 | D        | Noticed a vault guard
  5682 | D        | Killed a vault guard
  5686 | D        | Noticed a vault guard
  5690 | D        | Killed a vault guard
  5696 | D        | Killed a vault guard
  5702 | D        | Noticed a vault guard
  5707 | D        | Killed a vault guard
  5740 | D        | Noticed an ironbrand convoker
  5740 | D        | Noticed a vault warden
  5740 | D        | Noticed an ogre mage
  5740 | D        | Noticed a vault sentinel
  5740 | D        | Noticed a freezing wraith
  5740 | D        | Noticed a yaktaur captain
  5740 | D        | Noticed an ironheart preserver
  5744 | D        | Killed an ironheart preserver
  5748 | D        | Killed a yaktaur captain
  5748 | D        | Reached skill level 5 in Dodging
  5751 | D        | Noticed a vault sentinel
  5752 | D        | Killed a freezing wraith
  5755 | D        | Noticed an ogre mage
  5761 | D        | Killed a vault sentinel
  5766 | D        | Killed an ogre mage
  5772 | D        | Noticed a yaktaur captain
  5773 | D        | Noticed a shadow dragon
  5774 | D        | Killed a vault warden
  5777 | D        | Killed an ironbrand convoker
  5779 | D        | Noticed a vault sentinel
  5780 | D        | Killed a vault sentinel
  5781 | D        | Noticed a shadow dragon
  5783 | D        | Killed an ogre mage
  5783 | D        | Killed a yaktaur captain
  5783 | D        | Reached skill level 10 in Dodging
  5785 | D        | Noticed a redback
  5785 | D        | Killed a shadow wraith
  5788 | D        | Noticed an ironbrand convoker
  5789 | D        | Noticed a wolf spider
  5793 | D        | Killed a shadow dragon
  5795 | D        | Killed a vault sentinel
  5801 | D        | Killed a shadow dragon
  5802 | D        | Killed a redback
  5804 | D        | Killed an ironbrand convoker
  5807 | D        | Killed a wolf spider
  5851 | D        | Noticed a titan
  5851 | D        | Noticed a shadow dragon
  5851 | D        | Noticed a great orb of eyes
  5851 | D        | Noticed a shadow dragon
  5851 | D        | Noticed a sphinx
  5851 | D        | Noticed a shadow dragon
  5851 | D        | Noticed an orc knight
  5856 | D        | Killed an orc knight
  5857 | D        | Noticed a shadow dragon
  5858 | D        | Killed a shadow dragon
  5859 | D        | Noticed a quicksilver dragon
  5860 | D        | Killed a sphinx
  5865 | D        | Killed a shadow dragon
  5867 | D        | Killed a great orb of eyes
  5871 | D        | Killed a shadow dragon
  5876 | D        | Killed a titan
  5876 | D        | Reached XP level 16. HP: 146/183 MP: 33/33
  5884 | D        | Killed a shadow dragon
  5889 | D        | Killed a quicksilver dragon
  5896 | D        | Got a silver rune of Zot
  5913 | D        | Got a slimy fire dragon armour
  5942 | D        | Identified the +12 fire dragon armour "Siffaetu" {rF++ rC- Dex+3} (You found it in the Dungeon)
  5948 | D        | Noticed Louise
  5949 | D        | Noticed Norris
  5966 | D        | Killed Norris
  5969 | D        | Killed Louise
  5977 | D        | Noticed Xtahua
  6020 | D        | HP: 3/183 [Executioner/nerve-wracking pain[the player character] (11)]
  6238 | D        | Killed Xtahua
  6336 | D        | Got the ring "Meutymai" {rElec rPois+ MR+ Str-3 Int+6 Dex-4}
  6338 | D        | Got the ring of Xom's Delight {rPois- rN+ Dex+7}
  6340 | D        | Got the ring of Scepticism {rC+ MR+ Str+2 Int+4 Dex+6}
  6345 | D        | Got the amulet "Mypic" {+Rage rC+ Dex+2}
  6391 | D        | Got the ring of Stiy {rN++ MP+9 Str+3 Int-5}
  6501 | D        | Noticed Margery
  6501 | D        | Noticed a hell knight
  6501 | D        | Noticed a hell knight
  6501 | D        | Noticed a hell knight
  6501 | D        | Noticed a necromancer
  6501 | D        | Noticed Jory
  6502 | D        | Noticed a hell knight
  6503 | D        | Killed a hell knight
  6503 | D        | Killed a necromancer
  6503 | D        | Killed a hell knight
  6505 | D        | Noticed Mara
  6505 | D        | Killed a hell knight
  6518 | D        | Killed Mara
  6528 | D        | Killed Margery
  6528 | D        | Reached skill level 27 in Armour
  6531 | D        | Killed a hell knight
  6539 | D        | Killed Jory
  6824 | D        | Noticed a hill giant
  6824 | D        | Noticed a two-headed ogre
  6824 | D        | Noticed a hill giant
  6824 | D        | Noticed a green ugly thing
  6824 | D        | Noticed an ice beast
  6824 | D        | Noticed a giant frog
  6824 | D        | Noticed a giant frog
  6828 | D        | Killed a giant frog
  6829 | D        | Noticed a six-headed hydra
  6830 | D        | Killed an ice beast
  6833 | D        | Killed a green ugly thing
  6834 | D        | Killed a giant frog
  6835 | D        | Killed a hill giant
  6835 | D        | Killed a two-headed ogre
  6837 | D        | Noticed a catoblepas
  6838 | D        | Killed a hill giant
  6854 | D        | Killed a 13-headed hydra
  6855 | D        | Killed a catoblepas
  6875 | D        | Noticed a grey draconian
  6875 | D        | Noticed a mottled dragon
  6875 | D        | Noticed a mottled dragon
  6875 | D        | Noticed a fire dragon
  6875 | D        | Noticed a fire dragon
  6875 | D        | Noticed a green draconian
  6875 | D        | Noticed a storm dragon
  6882 | D        | Killed a storm dragon
  6887 | D        | Killed a green draconian
  6887 | D        | Reached skill level 27 in Polearms
  6890 | D        | Killed a fire dragon
  6896 | D        | Noticed a purple draconian
  6896 | D        | Killed a fire dragon
  6898 | D        | Killed a mottled dragon
  6901 | D        | Killed a mottled dragon
  6902 | D        | Noticed a mottled dragon
  6905 | D        | Killed a grey draconian
  6911 | D        | Killed a purple draconian
  6912 | D        | Killed a mottled dragon
  6916 | D        | Noticed a storm dragon
  6920 | D        | Noticed an ice dragon
  6924 | D        | Noticed a white draconian
  6927 | D        | Killed a storm dragon
  6929 | D        | Killed an ice dragon
  6934 | D        | Killed a white draconian
  6952 | D        | Noticed a fire dragon
  6952 | D        | Noticed a mottled draconian zealot
  6952 | D        | Noticed a mottled draconian scorcher
  6952 | D        | Noticed a green draconian
  6952 | D        | Noticed a mottled draconian
  6952 | D        | Noticed a grey draconian zealot
  6952 | D        | Noticed a purple draconian
  6956 | D        | Killed a purple draconian
  6959 | D        | Killed a grey draconian zealot
  6967 | D        | Killed a mottled draconian
  6973 | D        | Killed a green draconian
  6996 | D        | Killed a mottled draconian scorcher
  7004 | D        | Killed a mottled draconian zealot
  7008 | D        | Killed a fire dragon
  7143 | D        | Noticed a death cob
  7143 | D        | Noticed a red draconian
  7143 | D        | Noticed a white draconian caller
  7143 | D        | Noticed a yellow draconian scorcher
  7143 | D        | Noticed a death cob
  7143 | D        | Noticed a moth of wrath
  7143 | D        | Noticed a black draconian annihilator
  7146 | D        | Killed a black draconian annihilator
  7147 | D        | Killed a moth of wrath
  7150 | D        | Killed a death cob
  7152 | D        | Noticed a storm dragon
  7152 | D        | Killed a yellow draconian scorcher
  7152 | D        | Reached skill level 15 in Dodging
  7165 | D        | Killed a white draconian caller
  7170 | D        | Killed a red draconian
  7174 | D        | Killed a death cob
  7183 | D        | Killed a storm dragon
  7183 | D        | Reached XP level 17. HP: 191/191 MP: 36/36
  7210 | D        | Noticed a moth of wrath
  7210 | D        | Noticed a white draconian
  7210 | D        | Noticed a green draconian zealot
  7210 | D        | Noticed a white draconian knight
  7210 | D        | Noticed a moth of wrath
  7210 | D        | Noticed a moth of wrath
  7210 | D        | Noticed a moth of wrath
  7213 | D        | Killed a moth of wrath
  7218 | D        | Killed a moth of wrath
  7219 | D        | Killed a moth of wrath
  7224 | D        | Noticed a death cob
  7241 | D        | Noticed a purple draconian knight
  7244 | D        | Killed a white draconian knight
  7251 | D        | Killed a green draconian zealot
  7258 | D        | Killed a white draconian
  7258 | D        | Reached skill level 15 in Throwing
  7260 | D        | Killed a moth of wrath
  7266 | D        | Killed a death cob
  7276 | D        | Killed a purple draconian knight
  7305 | D        | Noticed a red draconian
  7305 | D        | Noticed a death cob
  7305 | D        | Noticed a moth of wrath
  7305 | D        | Noticed a moth of wrath
  7305 | D        | Noticed a purple draconian
  7305 | D        | Noticed a grey draconian
  7305 | D        | Noticed a fire dragon
  7314 | D        | Noticed a death cob
  7317 | D        | Killed a fire dragon
  7323 | D        | Noticed a yellow draconian
  7325 | D        | Killed a grey draconian
  7330 | D        | Killed a purple draconian
  7334 | D        | Killed a moth of wrath
  7337 | D        | Killed a moth of wrath
  7342 | D        | Killed a death cob
  7348 | D        | Killed a red draconian
  7355 | D        | Killed a death cob
  7362 | D        | Killed a yellow draconian
  7465 | D        | Noticed an Orb Guardian
  7465 | D        | Noticed an Orb Guardian
  7465 | D        | Noticed an Orb Guardian
  7465 | D        | Noticed an Orb Guardian
  7465 | D        | Noticed an Orb Guardian
  7465 | D        | Noticed an Orb Guardian
  7465 | D        | Noticed an Orb Guardian
  7468 | D        | Killed an Orb Guardian
  7469 | D        | Noticed an Orb Guardian
  7469 | D        | Killed an Orb Guardian
  7473 | D        | Killed an Orb Guardian
  7479 | D        | Noticed an Orb Guardian
  7481 | D        | Killed an Orb Guardian
  7482 | D        | Noticed an Orb Guardian
  7490 | D        | Killed an Orb Guardian
  7496 | D        | Killed an Orb Guardian
  7500 | D        | Killed an Orb Guardian
  7512 | D        | Killed an Orb Guardian
  7520 | D        | Killed an Orb Guardian
  7526 | D        | Killed an Orb Guardian
  7590 | D        | Noticed an Orb Guardian
  7590 | D        | Noticed a tentacled monstrosity
  7590 | D        | Noticed a grey draconian
  7590 | D        | Noticed an Orb Guardian
  7590 | D        | Noticed an Orb Guardian
  7590 | D        | Noticed a fire dragon
  7590 | D        | Noticed a death cob
  7596 | D        | Killed a death cob
  7597 | D        | Noticed an Orb Guardian
  7604 | D        | Killed a fire dragon
  7610 | D        | Killed an Orb Guardian
  7614 | D        | Killed an Orb Guardian
  7619 | D        | Killed a grey draconian
  7625 | D        | Killed a tentacled monstrosity
  7630 | D        | Killed an Orb Guardian
  7643 | D        | Killed an Orb Guardian
  7659 | D        | Noticed an ancient lich
  7670 | D        | Killed an ancient lich
  7709 | D        | Noticed an orb of fire
  7710 | D        | Gained mutation: You are weak. (Str -2) [an orb of fire]
  7712 | D        | Gained mutation: Scrolls take you a little longer to read. [an orb of fire]
  7731 | D        | Killed an orb of fire
  7731 | D        | Reached XP level 18. HP: 200/200 MP: 37/37
  7736 | D        | Noticed an electric golem
  7750 | D        | Killed an electric golem
  7818 | D        | Noticed a moth of wrath
  7818 | D        | Noticed an orb of fire
  7818 | D        | Noticed an Orb Guardian
  7818 | D        | Noticed a golden dragon
  7818 | D        | Noticed a golden dragon
  7818 | D        | Noticed an electric golem
  7818 | D        | Noticed a golden dragon
  7826 | D        | Noticed an orb of fire
  7828 | D        | Killed a golden dragon
  7838 | D        | Killed an electric golem
  7841 | D        | Noticed an ancient lich
  7843 | D        | Killed a golden dragon
  7850 | D        | Killed a golden dragon
  7850 | D        | Reached skill level 27 in Dodging
  7850 | D        | Reached skill level 5 in Unarmed Combat
  7859 | D        | Killed an Orb Guardian
  7859 | D        | Gained mutation: Armour fits poorly on your strangely shaped body. [an orb of fire]
  7863 | D        | Gained mutation: You tend to lose your temper in combat. [an orb of fire]
  7877 | D        | Gained mutation: You are very weak. (Str -4) [an orb of fire]
  7881 | D        | Gained mutation: Potions and wands are less effective at restoring your health. [an orb of fire]
  7883 | D        | Killed an orb of fire
  7887 | D        | Killed a moth of wrath
  7894 | D        | Gained mutation: Scrolls take you longer to read. [an orb of fire]
  7896 | D        | Killed an orb of fire
  7902 | D        | Killed an ancient lich
  7935 | D        | Noticed a shadow dragon
  7936 | D        | Noticed a pale draconian
  7937 | D        | Noticed an Orb Guardian
  7942 | D        | Noticed an Orb Guardian
  7946 | D        | Killed a shadow dragon
  7952 | D        | Noticed a shadow dragon
  7954 | D        | Killed a pale draconian
  7960 | D        | Killed an Orb Guardian
  7970 | D        | Killed an Orb Guardian
  7984 | D        | Killed a shadow dragon
  8004 | D        | Noticed a moth of wrath
  8004 | D        | Noticed an Orb Guardian
  8004 | D        | Noticed an Orb Guardian
  8004 | D        | Noticed an Orb Guardian
  8004 | D        | Noticed an Orb Guardian
  8004 | D        | Noticed an Orb Guardian
  8004 | D        | Noticed an Orb Guardian
  8011 | D        | Killed an Orb Guardian
  8018 | D        | Killed an Orb Guardian
  8022 | D        | Killed an Orb Guardian
  8025 | D        | Killed an Orb Guardian
  8037 | D        | Killed an Orb Guardian
  8037 | D        | Reached skill level 27 in Invocations
  8046 | D        | Killed an Orb Guardian
  8049 | D        | Killed a moth of wrath
  8051 | D        | Noticed an Orb Guardian
  8052 | D        | Noticed an Orb Guardian
  8053 | D        | Noticed an Orb Guardian
  8059 | D        | Killed an Orb Guardian
  8071 | D        | Killed an Orb Guardian
  8081 | D        | Killed an Orb Guardian
  8081 | D        | Reached XP level 19. HP: 184/207 MP: 39/39
  8085 | D        | Noticed an Orb Guardian
  8086 | D        | Noticed an Orb Guardian
  8089 | D        | Noticed a moth of wrath
  8091 | D        | Killed an Orb Guardian
  8102 | D        | Killed an Orb Guardian
  8106 | D        | Killed a moth of wrath
  8109 | D        | Noticed an Orb Guardian
  8117 | D        | Killed an Orb Guardian
  8209 | D        | Noticed a lich
  8209 | D        | Noticed a lich
  8209 | D        | Noticed a vampire knight
  8209 | D        | Noticed a vampire knight
  8209 | D        | Noticed an ancient lich
  8209 | D        | Noticed a vampire knight
  8209 | D        | Noticed a lich
  8211 | D        | Noticed a lich
  8215 | D        | Killed a lich
  8226 | D        | Killed a vampire knight
  8232 | D        | Killed a vampire knight
  8233 | D        | Noticed a lich
  8237 | D        | Killed an ancient lich
  8237 | D        | Reached skill level 27 in Throwing
  8243 | D        | Gained mutation: Your body is slowly deteriorating. [a cacodemon]
  8245 | D        | Noticed a vampire knight
  8245 | D        | Gained mutation: Your body is deteriorating. [a cacodemon]
  8253 | D        | Killed a lich
  8260 | D        | Noticed a vampire knight
  8263 | D        | Killed a lich
  8267 | D        | Killed a vampire knight
  8276 | D        | Killed a vampire knight
  8284 | D        | Killed a lich
  8289 | D        | Killed a lich
  8294 | D        | Killed a vampire knight
  8369 | D        | Killed a spriggan baker
  8370 | D        | Killed a spriggan baker
  8370 | D        | Killed a spriggan baker
  8388 | D        | Noticed a spriggan baker
  8388 | D        | Killed a spriggan baker
  8493 | D        | Noticed a spriggan baker
  8494 | D        | Noticed a spriggan baker
  8494 | D        | Killed a spriggan baker
  8495 | D        | Killed a spriggan baker
  8496 | D        | Noticed a spriggan baker
  8496 | D        | Killed a spriggan baker
  8498 | D        | Noticed a spriggan baker
  8499 | D        | Noticed a spriggan baker
  8499 | D        | Killed a spriggan baker
  8501 | D        | Killed a spriggan baker
  8509 | D        | Noticed a spriggan baker
  8513 | D        | Killed a spriggan baker
  8518 | D        | Noticed a spriggan baker
  8523 | D        | Killed a spriggan baker
  8578 | D        | Noticed a deep elf blademaster
  8578 | D        | Noticed a deep elf annihilator
  8578 | D        | Noticed a deep elf death mage
  8578 | D        | Noticed a deep elf high priest
  8578 | D        | Noticed a deep elf demonologist
  8578 | D        | Noticed a deep elf master archer
  8578 | D        | Noticed a deep elf high priest
  8601 | D        | Killed a deep elf blademaster
  8602 | D        | Killed a deep elf master archer
  8627 | D        | Killed a deep elf high priest
  8631 | D        | Noticed a deep elf blademaster
  8637 | D        | Killed a deep elf blademaster
  8640 | D        | Killed a deep elf demonologist
  8646 | D        | Killed a deep elf death mage
  8651 | D        | Killed a deep elf annihilator
  8661 | D        | Killed a deep elf high priest
  8662 | D        | Noticed a deep elf demonologist
  8663 | D        | Killed a deep elf demonologist
  8691 | D        | Noticed a deep elf blademaster
  8700 | D        | Killed a deep elf blademaster
  8708 | D        | Noticed a deep elf sorcerer
  8709 | D        | Killed a deep elf sorcerer
  8743 | D        | Noticed a deep elf death mage
  8744 | D        | Killed a deep elf death mage
  8744 | D        | Reached skill level 27 in Unarmed Combat
  8745 | D        | Noticed a deep elf annihilator
  8750 | D        | Noticed a deep elf demonologist
  8751 | D        | Killed a deep elf annihilator
  8751 | D        | Reached skill level 10 in Evocations
  8753 | D        | Killed a deep elf demonologist
  8758 | D        | Got an elven rune of Zot
  9428 | D        | Got the +5 triple sword of Karma {slice, rPois+ rC+}
  9435 | D        | Got the +5 executioner's axe "Umirchos" {chop, +Blink rElec rF+ rN+ MR+}
 10399 | D        | Noticed a jumping spider
 10399 | D        | Noticed an emperor scorpion
 10399 | D        | Noticed an emperor scorpion
 10399 | D        | Noticed an emperor scorpion
 10399 | D        | Noticed an emperor scorpion
 10399 | D        | Noticed a redback
 10399 | D        | Noticed a moth of wrath
 10401 | D        | Killed a jumping spider
 10417 | D        | Killed an emperor scorpion
 10424 | D        | Killed an emperor scorpion
 10439 | D        | Killed an emperor scorpion
 10450 | D        | Killed an emperor scorpion
 10452 | D        | Killed a redback
 10455 | D        | Killed a moth of wrath
 10467 | D        | Noticed a jumping spider
 10468 | D        | Noticed a moth of wrath
 10479 | D        | Killed a ghost moth
 10480 | D        | Noticed an emperor scorpion
 10482 | D        | Killed a moth of wrath
 10483 | D        | Noticed a redback
 10486 | D        | Killed a jumping spider
 10512 | D        | Killed an emperor scorpion
 10512 | D        | Reached skill level 15 in Evocations
 10514 | D        | Killed a redback
 10518 | D        | Got a gossamer rune of Zot
 10524 | D        | Killed a ghost moth
 11460 | D        | Noticed a sphinx
 11460 | D        | Noticed a sphinx
 11460 | D        | Noticed a sphinx
 11460 | D        | Noticed a sphinx
 11460 | D        | Noticed a sphinx
 11460 | D        | Noticed a sphinx
 11460 | D        | Noticed a sphinx
 11468 | D        | Noticed a sphinx
 11472 | D        | Killed a sphinx
 11476 | D        | Killed a sphinx
 11476 | D        | Killed a sphinx
 11477 | D        | Killed a sphinx
 11479 | D        | Noticed a sphinx
 11481 | D        | Noticed a sphinx
 11482 | D        | Noticed a sphinx
 11483 | D        | Killed a sphinx
 11486 | D        | Killed a sphinx
 11489 | D        | Killed a sphinx
 11493 | D        | Killed a sphinx
 11498 | D        | Killed a sphinx
 11510 | D        | Killed a sphinx
 11510 | D        | Reached XP level 20. HP: 216/216 MP: 40/40
 11515 | D        | Killed a sphinx
 11523 | D        | Noticed a sphinx
 11527 | D        | Killed a sphinx
 11546 | D        | Noticed a guardian mummy
 11546 | D        | Noticed a guardian mummy
 11546 | D        | Noticed a guardian mummy
 11546 | D        | Noticed a guardian mummy
 11546 | D        | Noticed a guardian mummy
 11546 | D        | Noticed a guardian mummy
 11546 | D        | Noticed a guardian mummy
 11550 | D        | Killed a guardian mummy
 11554 | D        | Killed a guardian mummy
 11559 | D        | Killed a guardian mummy
 11566 | D        | Killed a guardian mummy
 11568 | D        | Killed a guardian mummy
 11569 | D        | Killed a guardian mummy
 11572 | D        | Killed a guardian mummy
 11573 | D        | Noticed a guardian mummy
 11574 | D        | Noticed a guardian mummy
 11582 | D        | Killed a guardian mummy
 11584 | D        | Killed a guardian mummy
 11589 | D        | Noticed a guardian mummy
 11592 | D        | Killed a guardian mummy
 11609 | D        | Noticed a guardian mummy
 11609 | D        | Noticed a mummy priest
 11609 | D        | Noticed a guardian mummy
 11609 | D        | Noticed a greater mummy
 11609 | D        | Noticed a guardian mummy
 11609 | D        | Noticed a mummy priest
 11609 | D        | Noticed a mummy priest
 11786 | D        | Killed a mummy priest
 11786 | D        | Reached skill level 10 in Shields
 11883 | D        | Killed a mummy priest
 12088 | D        | Killed a guardian mummy
 12103 | D        | Killed a greater mummy
 12258 | D        | Killed a guardian mummy
 12258 | D        | Reached skill level 15 in Shields
 12260 | D        | Killed a mummy priest
 12282 | D        | Killed a guardian mummy
 12306 | D        | Noticed a mummy priest
 12310 | D        | Killed a mummy priest
 12323 | D        | Noticed a mummy priest
 12339 | D        | Killed a mummy priest
 12373 | D        | Noticed a greater mummy
 12373 | D        | Noticed a greater mummy
 12373 | D        | Noticed a mummy priest
 12373 | D        | Noticed a guardian mummy
 12373 | D        | Noticed a mummy priest
 12373 | D        | Noticed a mummy priest
 12373 | D        | Noticed a greater mummy
 12381 | D        | Killed a greater mummy
 12824 | D        | Killed a mummy priest
 12845 | D        | Killed a mummy priest
 12878 | D        | Killed a guardian mummy
 13033 | D        | Killed a mummy priest
 13041 | D        | Killed a greater mummy
 13065 | D        | Noticed a guardian mummy
 13065 | D        | Killed a guardian mummy
 13069 | D        | Killed a greater mummy
 13294 | D        | Noticed a guardian mummy
 13298 | D        | Killed a guardian mummy
 13352 | D        | Got a golden rune of Zot
 13356 | D        | Noticed a large abomination
 13356 | D        | Noticed a wandering mushroom
 13356 | D        | Noticed a large abomination
 13356 | D        | Noticed a phantasmal warrior
 13356 | D        | Noticed a chaos spawn
 13356 | D        | Noticed a tentacled starspawn
 13356 | D        | Noticed a wretched star
 13361 | D        | Killed a wretched star
 13368 | D        | Killed a tentacled starspawn
 13372 | D        | Killed a chaos spawn
 13382 | D        | Killed a large abomination
 13387 | D        | Killed a phantasmal warrior
 13388 | D        | Noticed an iron imp
 13389 | D        | Noticed a ynoxinul
 13390 | D        | Killed a wandering mushroom
 13393 | D        | Killed a large abomination
 13395 | D        | Killed a ynoxinul
 13396 | D        | Killed an iron imp
 13397 | D        | Noticed a flying skull
 13401 | D        | Killed a flying skull
 13407 | D        | Got an abyssal rune of Zot
 13452 | D        | Killed a naga mage
 13536 | D        | Lost mutation: Potions and wands are less effective at restoring your health. [potion of mutation]
 13538 | D        | Noticed Geryon
 13597 | D        | Killed Geryon
 13605 | D        | Noticed Asmodeus
 13605 | D        | Noticed Dispater
 13605 | D        | Noticed Ereshkigal
 13647 | D        | Killed Ereshkigal
 13704 | D        | Noticed Antaeus
 13720 | D        | Killed Asmodeus
 13720 | D        | Reached skill level 27 in Shields
 14044 | D        | Killed Antaeus
 14450 | D        | Got a bone rune of Zot
 14822 | D        | Killed Dispater
 15115 | D        | Got an iron rune of Zot
 15116 | D        | Noticed Mnoleg
 15172 | D        | Paralysed by a giant eyeball for 4 turns
 15177 | D        | Noticed Gloorx Vloq
 15189 | D        | Killed Mnoleg
 15189 | D        | Reached skill level 27 in Evocations
 15189 | D        | Reached XP level 21. HP: 119/220 MP: 40/40
 15208 | D        | HP: 10/217 [??? (7)]
 15209 | D        | HP: 4/217 [poisoned by Gloorx Vloq (dark miasma)]
 15209 | D        | Slain by Gloorx Vloq

Action                   |  1- 3 |  4- 6 |  7- 9 | 10-12 | 13-15 | 16-18 | 19-21 || total
-------------------------+-------+-------+-------+-------+-------+-------+-------++-------
Melee: Trident           |    28 |       |       |       |       |       |       ||    28
       Halberd           |     2 |     6 |    69 |   212 |       |       |       ||   289
       Glaive            |       |       |       |    43 |   312 |   301 |       ||   656
       Spear             |       |       |       |       |       |    27 |       ||    27
       Demon trident     |       |       |       |       |       |   331 |   617 ||   948
Throw: Throwing net      |       |       |       |     1 |     7 |       |       ||     8
       Tomahawk          |       |       |       |     7 |    12 |       |       ||    19
       Javelin           |       |       |       |       |    59 |    18 |   231 ||   308
Invok: Major Destruction |       |       |     6 |    26 |    38 |    22 |    11 ||   103
       Lesser Servant of |       |       |     2 |       |       |       |       ||     2
       Greater Servant o |       |       |       |     9 |    11 |    10 |     2 ||    32
Evoke: Wand              |       |     2 |     1 |     2 |       |     1 |    21 ||    27
       Horn of Geryon (i |       |       |       |       |       |       |     2 ||     2
       Deck              |       |       |       |       |       |       |     1 ||     1
       Phantom mirror    |       |       |       |       |       |       |     1 ||     1
  Use: Potion            |       |       |     1 |     5 |    11 |     4 |    18 ||    39
       Scroll            |       |       |     1 |     4 |     8 |    11 |     5 ||    29
 Stab: Distracted        |       |       |       |     2 |     3 |     3 |       ||     8
       Invisible         |       |       |       |       |     6 |       |       ||     6
       Held in net/web   |       |       |       |       |     1 |       |       ||     1
       Confused          |       |       |       |       |       |     2 |       ||     2
       Petrifying        |       |       |       |       |       |     1 |       ||     1
  Eat: Chunk             |       |       |     2 |    13 |    18 |    12 |     6 ||    51
       Fruit             |       |       |       |     2 |     1 |     3 |     2 ||     8
       Meat ration       |       |       |       |       |       |       |     5 ||     5
